[Event "43rd Blackpool Chess Conference 2019"]
[Site "Blackpool"]
[Date "2019.03.10"]
[Round "5.10"]
[White "Sucikova, Svetlana"]
[Black "Fallowfield, Jeremy R"]
[Result "1-0"]
[ECO "A35"]
[WhiteElo "2110"]
[BlackElo "2134"]
[Annotator "NA"]
[PlyCount "59"]
[EventDate "2019.03.08"]
[EventType "swiss"]
[EventCountry "ENG"]
[SourceTitle "playchess.com"]
[Source "ChessBase"]
[SourceQuality "1"]
[TimeControl "6600+10"]

1. e3 g6 2. c4 Bg7 3. Nc3 Nf6 4. Nf3 O-O 5. Be2 c5 6. d4 cxd4 7. Nxd4 Nc6 8. O-O d6 9. b3 Nxd4 10. exd4 d5 {[%emt 0:00:22] A35: Symmetrical English: 2 Nc3 Nc6 3 Nf3} 11. Be3 (11. c5 Bf5 12. b4 b6 13. Bf4 bxc5 14. bxc5 Qa5 15. Qd2 e6 16. Nxd5 Qxd2 17. Ne7+ Kh8 18. Bxd2 {1-0 (32) Dzagnidze,N (2529)-Khotenashvili,B (2502) Huaian 2016}) 11... b6 {[%emt 0:04:28] LiveBook: 4 Games} 12. Bf3 Bb7 13. Re1 $146 ({Predecessor:} 13. b4 Ne4 14. Bxe4 dxe4 15. Rc1 f5 16. d5 f4 17. Bd4 e5 18. Bxe5 Bxe5 19. Nxe4 f3 20. gxf3 Rc8 21. Qd3 b5 22. Nc5 Qg5+ {0-1 (22) Stiemerling,W (2134)-Trenner,R (2177) Germany 2015}) 13... Qd7 14. Rc1 dxc4 15. bxc4 Rac8 16. Nb5 (16. Bxb7 $11 Qxb7 17. Qe2) 16... Rfd8 {[%emt 0:02:40] [#]} (16... Bxf3 $15 17. Qxf3 a6) 17. d5 $1 Ba8 (17... Ba6 $14) 18. Qa4 Bb7 19. Qxa7 Ra8 20. Qxb6 Rxa2 21. Bc5 Bf8 22. h3 Ne8 23. Nd4 Ra6 24. Qb4 Ra4 25. Qb3 Nd6 26. Bxd6 exd6 27. Bg4 f5 {[%emt 0:00:23] [#]} 28. Nxf5 $1 gxf5 29. Bxf5 Qxf5 30. Qxa4 1-0

[Event "43rd Blackpool Chess Conference 2019"]
[Site "Blackpool"]
[Date "2019.03.10"]
[Round "5.11"]
[White "Harkness, Bryan"]
[Black "Burnett, Jim"]
[Result "1/2-1/2"]
[ECO "C17"]
[WhiteElo "1935"]
[BlackElo "1996"]
[Annotator "NA"]
[PlyCount "50"]
[EventDate "2019.03.08"]
[EventType "swiss"]
[EventCountry "ENG"]
[SourceTitle "playchess.com"]
[Source "ChessBase"]
[SourceQuality "1"]
[TimeControl "6600+10"]

1. e4 e6 2. d4 d5 3. Nc3 Bb4 4. e5 c5 5. Bd2 Ne7 6. Nb5 Bxd2+ 7. Qxd2 O-O 8. dxc5 Nd7 9. f4 Nxc5 10. Bd3 Bd7 {[%emt 0:00:40] C17: French: 3 Nc3 Bb4 4 e5 c5 sidelines} 11. Nd4 Qb6 12. O-O-O f6 $146 ({Predecessor:} 12... Nc6 13. Ngf3 Nb4 14. Kb1 Rac8 15. Rc1 Ncxd3 16. cxd3 Bb5 17. Nxb5 Qxb5 18. d4 {0-1 (65) Kritz,L (2624)-Kuljasevic,D (2528) Washington DC 2011}) 13. exf6 Rxf6 14. Ngf3 Nxd3+ 15. cxd3 ({White should play} 15. Qxd3 $11 Rxf4 16. Rhe1) 15... Be8 (15... Ng6 $15 16. f5 exf5) 16. Kb1 Rc8 17. Rc1 Bg6 18. Rxc8+ Nxc8 19. Nc2 Ne7 20. Ne5 Qb5 21. g3 (21. Nd4 $16 Qb6 22. Ndf3) 21... Nc6 22. Nxg6 Rxg6 23. Qe3 h6 24. Re1 $11 b6 25. Nd4 Nxd4 1/2-1/2

[Event "43rd Blackpool Chess Conference 2019"]
[Site "Blackpool"]
[Date "2019.03.10"]
[Round "5.12"]
[White "Boswell, Jacob Connor"]
[Black "Camp, Imogen A L"]
[Result "1/2-1/2"]
[ECO "C97"]
[WhiteElo "2043"]
[BlackElo "1827"]
[Annotator "NA"]
[PlyCount "47"]
[EventDate "2019.03.08"]
[EventType "swiss"]
[EventCountry "ENG"]
[SourceTitle "playchess.com"]
[Source "ChessBase"]
[SourceQuality "1"]
[TimeControl "6600+10"]

1. e4 e5 2. Nf3 Nc6 3. Bb5 a6 4. Ba4 Nf6 5. O-O Be7 6. Re1 b5 7. Bb3 d6 8. h3 O-O 9. c3 Na5 10. Bc2 c5 11. d4 Qc7 12. d5 Nc4 {[%emt 0:07:57] LiveBook: 116 Games} 13. a4 Bd7 14. b3 Na5 15. b4 {[%emt 0:02:21] C97: Closed Ruy Lopez: Chigorin Defence: 11 d4 Qc7, sidelines} (15. Nbd2 bxa4 16. bxa4 g6 17. Nf1 Nh5 18. Ne3 Rab8 19. Nd2 Ng7 20. Qe2 Bc8 21. Nec4 Nxc4 22. Nxc4 f5 {1-0 (39) Anand,V (2792)-Hjartarson,J (2619) Reykjavik 2006}) 15... Nc4 16. a5 $146 ({Predecessor:} 16. Nbd2 cxb4 17. cxb4 Rfc8 18. Bb3 Qb7 19. a5 g6 20. Qe2 Nxd2 21. Bxd2 Nh5 22. g4 Ng7 {½-½ (40) Ioseliani,N (2295)-Liu,S Velden 1983}) 16... Ne8 17. Na3 Nxa3 18. Rxa3 f5 19. exf5 Bxf5 20. Bxf5 Rxf5 21. Qd3 Rf8 22. Be3 c4 $11 23. Qd2 Qd7 24. Bg5 1/2-1/2